 Dungeon Crawl Stone Soup version 0.27.1-4-g1640c2035a (webtiles) character file.

Game seed: 18377377278591832936

126 Emandoog the Covered (level 4, -1/40 HPs)
             Began as a Minotaur Fighter on Nov 8, 2021.
             Slain by an orc wizard (2 damage)
             ... on level 3 of the Dungeon.
             The game lasted 00:08:00 (3144 turns).

Emandoog the Covered (Minotaur Fighter)             Turns: 3144, Time: 00:08:00

Health: -1/40      AC:  8    Str: 22    XL:     4   Next: 83%
Magic:  3/3        EV:  7    Int:  5    God:
Gold:   75         SH:  9    Dex:  9    Spells: 3/3 levels left

rFire    . . .     SeeInvis .   a - +0 war axe
rCold    . . .     Faith    .   c - +0 kite shield
rNeg     . . .     Spirit   .   b - +0 scale mail
rPois    .         Reflect  .   (helmet restricted)
rElec    .         Harm     .   m - +0 cloak
rCorr    .         Rampage  .   (no gloves)
Will     .....                  (no boots)
Stlth    ..........             (no amulet)
HPRegen  0.13/turn              (no ring)
MPRegen  0.08/turn              (no ring)

@: no status effects
A: horns 2, retaliatory headbutt
a: no special abilities


You were on level 3 of the Dungeon.
You visited 1 branch of the dungeon, and saw 3 of its levels.

You collected 75 gold pieces.

Inventory:

Hand Weapons
 a - a +0 war axe (weapon)
Armour
 b - a +0 scale mail (worn)
 c - a +0 kite shield (worn)
 m - a +0 cloak (worn)
Scrolls
 f - a scroll of fog {unknown}
 g - a scroll of immolation {unknown}
 i - a scroll of enchant armour {unknown}
 j - a scroll of identify {unknown}
 k - a scroll of summoning {unknown}
 l - a scroll of enchant weapon {unknown}
Potions
 d - a potion of might
 e - a potion of flight {unknown}
 h - a potion of degeneration {unknown}
 n - a potion of curing {unknown}


   Skills:
 * Level 4.2 Fighting
 * Level 4.3 Axes
 * Level 4.5 Armour
 + Level 0.5 Dodging
 + Level 0.1 Stealth
 * Level 4.3 Shields


You had 3 spell levels left.
You didn't know any spells.
Your spell library contained the following spells:

 Spells                   Type           Power      Damage    Failure   Level
 Animate Dead             Necr           0%         N/A       100%        4
 Borgnjor's Vile Clutch   Necr/Erth      0%         N/A       100%        5
 Death Channel            Necr           0%         N/A       100%        6


Dungeon Overview and Level Annotations

Branches:
Dungeon (3/15)

Altars:

Annotations:
D:1 1 exclusion


Innate Abilities, Weirdness & Mutations

You have a pair of horns on your head.
You reflexively headbutt those who attack you in melee.


Message History

You kill the frilled lizard!
You slash the orc!
You kill the orc!
A magic dart appears from out of thin air!
The magic dart hits you.
Something tries to affect you, but you resist.
A magic dart appears from out of thin air!
The magic dart hits you!
You are confused.
A puff of flame appears from out of thin air!
The puff of flame hits you.
You feel less confused.
You hear some strange, mumbled words.
Something tries to affect you, but you resist.
You slash something! Your headbutt misses something.
Something completely misses you. Something hits you.
The orc hits you with a +0 club.
You closely miss something. Your headbutt misses something. You hit the orc.
You hear some strange, mumbled words.
You are confused.
The orc closely misses you.
You miss something. Your headbutt misses something. You closely miss the orc.
You hear some strange, mumbled words.
A magic dart appears from out of thin air!
The magic dart hits you!
* * * LOW HITPOINT WARNING * * *
The orc hits you but does no damage. Something hits you but does no damage.
The orc hits you but does no damage.
You hear some strange, mumbled words.
A puff of flame appears from out of thin air!
The puff of flame hits you!
* * * LOW HITPOINT WARNING * * *
You bump into the rock wall.
Something hits you but does no damage. The orc hits you but does no damage.
You hit the orc.
You kill the orc!
You barely miss something.
You feel less confused. Something hits you.
You die...

#.# #..# #.# #..# #.# #..#
#.# ###..#########..
#.#########....)..<.......
#.##........#.)รท#####.###.
#.##.##.##......#
###.............#.#####.
.#####.##.##...)@.......
..............#{########
.#####.######..## .# #.#
#.## )#####.# #.# .#.....#
#.# .#.###.######.# ...#
#........# ##.###.###)##.##


There were no monsters in sight!

Vanquished Creatures
  Jessica (D:3)
  4 gnolls
  A worm (D:2)
  4 dart slugs
  4 orcs (D:3)
  4 ball pythons
  3 bats
  4 endoplasms (D:1)
  4 giant cockroaches (D:2)
  3 goblins
  3 hobgoblins
  3 kobolds
  2 quokkas (D:1)
  4 frilled lizards
  4 rats
48 creatures vanquished.

Vanquished Creatures (others)
  11 demonic plants (D:2)
  5 fungi (D:2)
  6 plants (D:2)
  4 withered plants (D:2)
26 creatures vanquished.

Grand Total: 74 creatures vanquished

Notes
Turn   | Place    | Note
-------+----------+-------------------------------------------
     0 | D:1      | Emandoog the Minotaur Fighter began the quest for the Orb.
     0 | D:1      | Reached XP level 1. HP: 19/19 MP: 0/0
   190 | D:1      | Reached XP level 2. HP: 27/27 MP: 1/1
  1138 | D:2      | Reached XP level 3. HP: 33/33 MP: 2/2
  2048 | D:2      | Reached XP level 4. HP: 15/40 MP: 3/3
  2735 | D:2      | Found a faded altar of an unknown god.
  2975 | D:3      | Noticed Jessica
  2981 | D:3      | Killed Jessica
  3142 | D:3      | HP: 1/40 [something/puff of flame (8)]
  3144 | D:3      | Slain by an orc wizard

Illustrated notes

Levels and vault maps discovered:
D:1:      amcnicky_arrival_blooded_trapdoor, layout_basic
D:2:      layout_basic, shapermc_ecumenical_altar_gd, nrook_mini_backslash
D:3:      layout_loops_ring, chequers_temple_overflow_statue_of_worship,
          serial_shops, nicolae_shop_trees, uniq_natasha, uniq_jessica,
          uniq_crazy_yiuf_cottage

Skill      XL: |  1  2  3  4 |
---------------+-------------+-----
Armour         | 4 |  4.5
Shields        | 4 |  4.3
Axes           | 3 4 |  4.3
Fighting       | 4 |  4.2
Dodging        | |  0.5
Stealth        | |  0.1

Action                   |  1- 3 |  4- 6 || total
-------------------------+-------+-------++-------
Melee: War axe           |    87 |    33 ||   120
       Headbutt          |    10 |     6 ||    16
Armor: Scale mail        |    57 |     9 ||    66
Dodge: Dodged            |    34 |     9 ||    43
Block: Kite shield       |    54 |    24 ||    78
